[Event "LJ Slovak Open 2022"]
[Site "Liptovsky Jan"]
[Date "2022.06.24"]
[Round "2.13"]
[White "Wisniewski, Michal"]
[Black "Miciak, Emanuel"]
[Result "1-0"]
[ECO "A11"]
[WhiteElo "2073"]
[BlackElo "1804"]
[Annotator "RC"]
[PlyCount "53"]
[EventDate "2022.06.23"]
[EventType "swiss"]
[EventCountry "SVK"]
[SourceTitle "playchess.com"]
[Source "ChessBase"]
[SourceQuality "1"]
[TimeControl "3600+30"]

1. Nf3 d5 2. c4 c6 3. g3 Nf6 4. Bg2 Bf5 5. cxd5 cxd5 6. Qb3 Qc8 7. Nc3 e6 8. d3 Nc6 9. Bf4 Nh5 10. Bd2 Nf6 11. Rc1 Be7 12. O-O O-O 13. Bf4 Qd7 14. Rfd1 Nh5 15. Ne5 Nxe5 16. Bxe5 f6 17. Bd4 Kh8 18. e4 e5 19. exf5 exd4 20. Nxd5 Bd6 21. Be4 Rfc8 22. Rc2 Rxc2 23. Qxc2 Rc8 24. Qe2 Qf7 25. Qf3 g6 26. g4 Ng7 27. fxg6 1-0

[Event "LJ Slovak Open 2022"]
[Site "Liptovsky Jan"]
[Date "2022.06.24"]
[Round "2.14"]
[White "Hurtuk, Radovan"]
[Black "Smetana, Peter"]
[Result "1-0"]
[ECO "B24"]
[WhiteElo "2057"]
[BlackElo "1740"]
[Annotator "TA"]
[PlyCount "86"]
[EventDate "2022.06.23"]
[EventType "swiss"]
[EventCountry "SVK"]
[SourceTitle "playchess.com"]
[Source "ChessBase"]
[SourceQuality "1"]
[TimeControl "3600+30"]

1. g3 c5 2. Bg2 Nc6 3. f4 d6 4. Nf3 Nf6 5. O-O e6 6. d3 Be7 7. e4 Qc7 8. Nc3 a6 9. Be3 {[%emt 0:01:03] B24: Closed Sicilian: 3 g3 sidelines.} O-O 10. h3 d5 {[%emt 0:01:10] [#] White must now prevent ...d4.} 11. Bf2 {[%emt 0:04:26] The position is equal.} b5 12. e5 Nd7 {[%emt 0:01:41] [#]} 13. h4 $146 ({Predecessor:} 13. a3 Bb7 14. Qd2 Rfc8 15. Ne2 Nb6 16. g4 b4 17. axb4 cxb4 18. Ng3 Bf8 19. Kh1 {1-0 (26) Daemering,K (1949)-Ley,S (1743) Braunfels 2015}) 13... f6 14. Bh3 Nd8 15. exf6 Nxf6 16. Re1 d4 17. Ne4 Nd5 (17... Nxe4 $11 18. Rxe4 Bb7) 18. Neg5 (18. Bg2 $16) 18... Rf6 (18... Bxg5 $14 19. Nxg5 (19. hxg5 e5 $11) 19... h6) 19. Ne5 h6 20. Ne4 Rf8 {[%emt 0:00:38] [#]} 21. Bg4 (21. Ng6 $1 $18 {has better winning chances.}) 21... Nf6 $16 22. Bf3 {[%emt 0:00:39] Threatens to win with Nxf6+. White is much more active. The black rooks are badly placed.} (22. Ng6 {looks sharper.} Re8 23. a4 Bb7 24. Bf3) 22... Nxe4 23. dxe4 Nf7 24. Ng6 Rd8 25. g4 ({White should try} 25. a4 $16) 25... e5 26. f5 (26. Nxe7+ Qxe7 27. Qd2 Bb7 $15) (26. a4 $5 ) 26... Bf6 27. Kg2 Nh8 (27... Bb7 $11) 28. Nxh8 $1 $14 Kxh8 29. Rh1 Qf7 (29... Bb7 $14) 30. g5 $1 $16 Be7 31. Bh5 Qf8 32. Bg3 Bb7 33. Bf3 (33. Qf3 $16) 33... Bd6 34. Qd2 c4 35. Rag1 (35. gxh6 $16 gxh6 36. Kh3) 35... Bb4 (35... Rac8 $1 $11) 36. Qd1 (36. Qc1 $16) 36... Qe7 (36... d3 $1 $11 37. c3 (37. Bxe5 $2 dxc2 38. Qc1 Rd2+ 39. Kh3 Qe7 $19) 37... Bc5 38. gxh6 Bxg1 39. Rxg1 (39. Bxe5 Qe7 $15) 39... Qf6 40. hxg7+ Kxg7) 37. Kh2 (37. gxh6 $14 gxh6 38. Bf2 (38. a3 Bc5 $11)) 37... d3 $11 {[%emt 0:01:57] ...dxc2 is the strong threat.} ({Don't take} 37... hxg5 38. hxg5 Kg8 39. g6 $16) 38. c3 Bc5 39. Qd2 Bxg1+ $17 40. Rxg1 Rd6 41. Bf2 Rc8 {[%emt 0:00:50] Inhibits Bc5.} 42. Be3 Rcc6 (42... hxg5 $15 43. hxg5 g6) 43. gxh6 $2 (43. Qf2 $11) 43... Qf7 $4 {[%emt 0:02:22][%mdl 8192] Weighted Error Value: White=0.42/Black=0.36} ({Weaker is} 43... gxh6 44. Qf2 $15) (43... Qxh4+ $19 44. Kg2 Rxh6 45. Bxh6 Rxh6) 1-0

[Event "LJ Slovak Open 2022"]
[Site "Liptovsky Jan"]
[Date "2022.06.24"]
[Round "2.15"]
[White "Verba, Vladimir"]
[Black "Ihnat, Marek"]
[Result "0-1"]
[ECO "B25"]
[WhiteElo "1786"]
[BlackElo "2045"]
[Annotator "RC"]
[PlyCount "84"]
[EventDate "2022.06.23"]
[EventType "swiss"]
[EventCountry "SVK"]
[SourceTitle "playchess.com"]
[Source "ChessBase"]
[SourceQuality "1"]
[TimeControl "3600+30"]

1. e4 c5 2. Nc3 Nc6 3. g3 g6 4. Bg2 Bg7 5. f4 d6 6. d3 e6 7. Nf3 Nge7 8. O-O O-O 9. Be3 Rb8 10. Bf2 b5 11. Qd2 a5 12. Rae1 b4 13. Nd1 Nd4 14. Nxd4 cxd4 15. b3 Qc7 16. Nb2 Bb7 17. g4 Rbc8 18. Re2 f5 19. h3 d5 20. exf5 exf5 21. Rfe1 Rf7 22. Bh4 Bf8 23. Bf3 fxg4 24. Bxg4 Nf5 25. Bf2 Bh6 26. Re8+ Rf8 27. Rxf8+ Rxf8 28. Qe2 Qxf4 29. Qe6+ Kg7 30. Qe5+ Qxe5 31. Rxe5 Kf6 32. Re2 Ne3 33. Na4 Rf7 34. Nc5 Rc7 35. Nxb7 Rxb7 36. Bh4+ Bg5 37. Rf2+ Nf5 38. Bxg5+ Kxg5 39. Rg2 Ne3 40. Bc8+ Nxg2 41. Bxb7 Ne3 42. Kh2 Kf4 0-1

[Event "LJ Slovak Open 2022"]
[Site "Liptovsky Jan"]
[Date "2022.06.24"]
[Round "2.16"]
[White "Macka, Oto"]
[Black "Szaszak, Robert"]
[Result "1-0"]
[ECO "D06"]
[WhiteElo "2026"]
[BlackElo "1717"]
[Annotator "RC"]
[PlyCount "99"]
[EventDate "2022.06.23"]
[EventType "swiss"]
[EventCountry "SVK"]
[SourceTitle "playchess.com"]
[Source "ChessBase"]
[SourceQuality "1"]
[TimeControl "3600+30"]

1. d4 d5 2. c4 Nf6 3. cxd5 Nxd5 4. e4 Nf6 5. Nc3 e6 6. Nf3 Be7 7. Bd3 c6 8. O-O h6 9. Qe2 Bb4 10. a3 Bxc3 11. bxc3 Qa5 12. Bd2 Qh5 13. c4 Nh7 14. Qe3 Ng5 15. Ne5 f6 16. Be2 Nh3+ 17. gxh3 Qg5+ 18. Qxg5 hxg5 19. Nd3 Rxh3 20. f4 gxf4 21. Nxf4 Rh4 22. Bh5+ Kd8 23. Be1 Rxf4 24. Rxf4 Ke7 25. e5 f5 26. Bh4+ Kf8 27. d5 cxd5 28. cxd5 exd5 29. Bg6 Nc6 30. Bxf5 Bxf5 31. Rxf5+ Kg8 32. e6 Nd4 33. Rxd5 Nf3+ 34. Kh1 Nxh4 35. Rad1 Rf8 36. Rd8 Ng6 37. Rxf8+ Kxf8 38. Rd7 Nf4 39. e7+ Ke8 40. Rxb7 a6 41. Ra7 g5 42. Kg1 Nd3 43. Kg2 Nf4+ 44. Kg3 Nd5 45. Kg4 Nxe7 46. Rxe7+ Kxe7 47. Kxg5 Kf7 48. Kf5 a5 49. a4 Kg7 50. Ke5 1-0

[Event "LJ Slovak Open 2022"]
[Site "Liptovsky Jan"]
[Date "2022.06.24"]
[Round "2.17"]
[White "Stric, Dusan"]
[Black "Volek, Jan"]
[Result "0-1"]
[ECO "D71"]
[WhiteElo "2021"]
[BlackElo "1687"]
[Annotator "ChessBase"]
[PlyCount "144"]
[EventDate "2022.06.23"]
[EventType "swiss"]
[EventCountry "SVK"]
[SourceTitle "playchess.com"]
[Source "ChessBase"]
[SourceQuality "1"]
[TimeControl "3600+30"]

1. c4 g6 2. Nc3 Bg7 3. g3 Nf6 4. Bg2 c6 5. e3 O-O 6. Nge2 d5 7. cxd5 Nxd5 8. O-O Nxc3 9. bxc3 Nd7 10. d4 e5 11. Bb2 Nb6 12. Qc2 exd4 13. cxd4 Be6 14. Nf4 Bf5 15. e4 Bc8 16. Rad1 Re8 17. h3 Qe7 18. Rfe1 Qb4 19. Bf1 Na4 20. Ba1 Nb6 21. Kg2 Qa4 22. Qxa4 Nxa4 23. Bc4 Nb6 24. Bb3 Nd7 25. d5 Bxa1 26. Rxa1 Nc5 27. Bc2 Bd7 28. f3 Rac8 29. Rab1 b6 30. Red1 Kg7 31. a4 cxd5 32. a5 Nb7 33. Bb3 Nxa5 34. Bxd5 Rc2+ 35. Kg1 Bc6 36. Rd3 Bxd5 37. Nxd5 Rec8 38. Rbd1 Rc1 39. Ne7 Rxd1+ 40. Rxd1 Rc7 41. Nd5 Rc2 42. Ne3 Rc3 43. Kf2 Nc4 44. Nd5 Rc2+ 45. Kg1 b5 46. Nc7 b4 47. Rd7 Ne5 48. Re7 Kf6 49. Nd5+ Kg7 50. Rxe5 b3 51. Ne3 b2 52. Rb5 Rc1+ 53. Kf2 b1=Q 54. Rxb1 Rxb1 55. Nd5 a5 56. Ke3 a4 57. Nc3 Rb3 58. Kd2 Rb2+ 59. Kc1 Rg2 60. Nxa4 Rxg3 61. Kd2 Rxf3 62. h4 Rh3 63. Nc5 Rxh4 64. Ke3 Rh5 65. Nd7 Ra5 66. Kf4 h5 67. Nb6 g5+ 68. Kf3 Ra3+ 69. Kf2 h4 70. Nc4 Rc3 71. Ne5 f6 72. Ng4 Kg6 0-1

[Event "LJ Slovak Open 2022"]
[Site "Liptovsky Jan"]
[Date "2022.06.24"]
[Round "2.18"]
[White "Recky, Norbert"]
[Black "Ambrozi, Peter"]
[Result "0-1"]
[ECO "B29"]
[WhiteElo "1755"]
[BlackElo "1994"]
[Annotator "RC"]
[PlyCount "54"]
[EventDate "2022.06.23"]
[EventType "swiss"]
[EventCountry "SVK"]
[SourceTitle "playchess.com"]
[Source "ChessBase"]
[SourceQuality "1"]
[TimeControl "3600+30"]

1. e4 c5 2. Nf3 Nf6 3. e5 Nd5 4. Nc3 e6 5. d4 Nc6 6. Nxd5 exd5 7. dxc5 Bxc5 8. Bd3 d6 9. exd6 Qxd6 10. O-O O-O 11. Ng5 h6 12. Qh5 f5 13. Nh3 Nb4 14. Bf4 Qf6 15. Rae1 Nxd3 16. cxd3 Bd4 17. b3 Bd7 18. Re2 Bb5 19. Qf3 Bc6 20. Rfe1 Qf7 21. Re7 Qg6 22. R1e6 Qg4 23. Kf1 Bf6 24. Rc7 Qxf3 25. gxf3 Rae8 26. Rxe8 Rxe8 27. Bd2 Be5 0-1

[Event "LJ Slovak Open 2022"]
[Site "Liptovsky Jan"]
[Date "2022.06.24"]
[Round "2.19"]
[White "Vilimek, Vit"]
[Black "Staron, Ladislav"]
[Result "1-0"]
[ECO "B20"]
[WhiteElo "1972"]
[BlackElo "1695"]
[Annotator "RC"]
[PlyCount "59"]
[EventDate "2022.06.23"]
[EventType "swiss"]
[EventCountry "SVK"]
[SourceTitle "playchess.com"]
[Source "ChessBase"]
[SourceQuality "1"]
[TimeControl "3600+30"]

1. e4 c5 2. b4 d6 3. bxc5 dxc5 4. d3 e6 5. f4 Nc6 6. Be3 b6 7. Nf3 g6 8. d4 Bg7 9. c3 cxd4 10. cxd4 Nge7 11. Nc3 O-O 12. Rc1 Bb7 13. Be2 Rc8 14. O-O Rc7 15. Qa4 Rd7 16. Rfd1 Qa8 17. Ne5 Bxe5 18. fxe5 Rfd8 19. Bf3 a6 20. Ne2 b5 21. Qa3 Nxe5 22. Bg5 Nxf3+ 23. gxf3 Re8 24. Qe3 f5 25. Nf4 Kf7 26. Nd3 Rd6 27. Ne5+ Kg8 28. Rc7 Nc6 29. Nf7 Qb8 30. Nh6+ 1-0

[Event "LJ Slovak Open 2022"]
[Site "Liptovsky Jan"]
[Date "2022.06.24"]
[Round "2.20"]
[White "Kulich, Filip"]
[Black "Giertli, Vladimir"]
[Result "1/2-1/2"]
[ECO "B07"]
[WhiteElo "1682"]
[BlackElo "1988"]
[Annotator "RC"]
[PlyCount "72"]
[EventDate "2022.06.23"]
[EventType "swiss"]
[EventCountry "SVK"]
[SourceTitle "playchess.com"]
[Source "ChessBase"]
[SourceQuality "1"]
[TimeControl "3600+30"]

1. e4 d6 2. d4 Nf6 3. Nc3 Nbd7 4. f4 e5 5. Nf3 exd4 6. Qxd4 c6 7. Be3 d5 8. e5 Ng4 9. Bg1 Bc5 10. Qd2 a5 11. h3 Nh6 12. a4 Nf5 13. Bf2 Qb6 14. Bd3 Ne3 15. Ke2 Nc4 16. Bxc4 dxc4 17. Ne4 Bxf2 18. Nxf2 O-O 19. Qd4 Qa6 20. c3 Re8 21. Rhe1 Nf8 22. g4 Be6 23. f5 Rad8 24. Qf4 Bd5 25. Kf1 Qb6 26. Re2 Qc7 27. Ne4 f6 28. Nd6 Re7 29. Nxc4 Nd7 30. Rae1 b5 31. axb5 cxb5 32. Ncd2 Rde8 33. Qd4 Qb7 34. exf6 Rxe2 35. Rxe2 Rxe2 36. Kxe2 gxf6 1/2-1/2

[Event "LJ Slovak Open 2022"]
[Site "Liptovsky Jan"]
[Date "2022.06.24"]
[Round "2.21"]
[White "Bakalar, Jan"]
[Black "Babjak, Samuel"]
[Result "1/2-1/2"]
[ECO "B45"]
[WhiteElo "1916"]
[BlackElo "1577"]
[Annotator "RC"]
[PlyCount "43"]
[EventDate "2022.06.23"]
[EventType "swiss"]
[EventCountry "SVK"]
[SourceTitle "playchess.com"]
[Source "ChessBase"]
[SourceQuality "1"]
[TimeControl "3600+30"]

1. e4 c5 2. Nf3 e6 3. d4 cxd4 4. Nxd4 Nf6 5. Nc3 Nc6 6. Be2 Bb4 7. Bf3 d5 8. exd5 Nxd5 9. Nxc6 bxc6 10. Bd2 Ba6 11. Ne4 f5 12. Ng3 O-O 13. c3 Bc5 14. Be2 Qb6 15. O-O Rad8 16. Bxa6 Qxa6 17. Qe2 Qxe2 18. Nxe2 e5 19. b4 Be7 20. Rfd1 Nb6 21. Be3 g5 22. f3 1/2-1/2

[Event "LJ Slovak Open 2022"]
[Site "Liptovsky Jan"]
[Date "2022.06.24"]
[Round "2.22"]
[White "Petrik, Matus"]
[Black "Spik, Peter"]
[Result "0-1"]
[ECO "A17"]
[WhiteElo "1684"]
[BlackElo "1969"]
[Annotator "RC"]
[PlyCount "40"]
[EventDate "2022.06.23"]
[EventType "swiss"]
[EventCountry "SVK"]
[SourceTitle "playchess.com"]
[Source "ChessBase"]
[SourceQuality "1"]
[TimeControl "3600+30"]

1. c4 Nf6 2. Nc3 e6 3. g3 d5 4. cxd5 exd5 5. Bg2 Be7 6. e3 O-O 7. Nge2 c6 8. O-O Nbd7 9. d4 Re8 10. b3 Nf8 11. Qc2 Bd6 12. Na4 Bg4 13. Nc5 Qc8 14. Bb2 Ne6 15. Rfe1 Ng5 16. Kh1 Bf3 17. Ng1 Bxg2+ 18. Kxg2 Nge4 19. Nxe4 Nxe4 20. Ne2 Qf5 0-1

[Event "LJ Slovak Open 2022"]
[Site "Liptovsky Jan"]
[Date "2022.06.24"]
[Round "2.23"]
[White "Kolesar, Peter"]
[Black "Krestian, Darius"]
[Result "1-0"]
[ECO "B13"]
[WhiteElo "1969"]
[BlackElo "1659"]
[Annotator "RC"]
[PlyCount "91"]
[EventDate "2022.06.23"]
[EventType "swiss"]
[EventCountry "SVK"]
[SourceTitle "playchess.com"]
[Source "ChessBase"]
[SourceQuality "1"]
[TimeControl "3600+30"]

1. e4 c6 2. Nf3 d5 3. Nc3 Nf6 4. exd5 cxd5 5. d4 Bg4 6. Be2 e6 7. O-O Be7 8. h3 Bh5 9. Bf4 a6 10. Re1 O-O 11. a3 Nc6 12. Rb1 Qb6 13. Be3 Rac8 14. Ne5 Bxe2 15. Nxe2 Na5 16. Bg5 Qc7 17. c3 Nc4 18. Ng3 h6 19. Bxf6 Bxf6 20. Nxc4 Qxc4 21. Qg4 Kh7 22. Nh5 Rg8 23. Qf3 Rc7 24. Nxf6+ gxf6 25. Qxf6 Rg6 26. Qf3 f5 27. Kh1 Rcg7 28. Rg1 Qc7 29. Rbe1 Qe7 30. Qf4 Qf6 31. Re3 Qd8 32. Kh2 Qb6 33. Re2 Qb5 34. Qf3 Qc4 35. g3 Qc7 36. Re5 Qb6 37. b4 Qb5 38. Rge1 Re7 39. Rxf5 Qa4 40. Rf7+ Rxf7 41. Qxf7+ Rg7 42. Qxe6 Qxa3 43. Qf5+ Kh8 44. Re8+ Rg8 45. Qf6+ Kh7 46. Re7+ 1-0

[Event "LJ Slovak Open 2022"]
[Site "Liptovsky Jan"]
[Date "2022.06.24"]
[Round "2.24"]
[White "Brida, Lukas"]
[Black "Podjavorinsky, Michal"]
[Result "0-1"]
[ECO "D31"]
[WhiteElo "1673"]
[BlackElo "1941"]
[Annotator "ChessBase"]
[PlyCount "82"]
[EventDate "2022.06.23"]
[EventType "swiss"]
[EventCountry "SVK"]
[SourceTitle "playchess.com"]
[Source "ChessBase"]
[SourceQuality "1"]
[TimeControl "3600+30"]

1. d4 d5 2. c4 e6 3. Nc3 c6 4. e4 dxe4 5. Nxe4 Bb4+ 6. Nc3 c5 7. Nf3 Nf6 8. a3 Ba5 9. Be3 Ne4 10. Qc2 Nxc3 11. bxc3 cxd4 12. Nxd4 Nc6 13. Nxc6 bxc6 14. Bd3 Qf6 15. Rc1 h6 16. O-O O-O 17. f4 Rd8 18. Rf3 Qe7 19. f5 exf5 20. Rg3 Bb6 21. Bd4 Bxd4+ 22. cxd4 Rxd4 23. Bxf5 Bxf5 24. Qxf5 Rad8 25. h3 g6 26. Qf2 Rd1+ 27. Rxd1 Rxd1+ 28. Kh2 Qc7 29. h4 Rd3 30. Kh3 Rxg3+ 31. Qxg3 Qxg3+ 32. Kxg3 Kf8 33. Kf4 Ke7 34. Ke5 f6+ 35. Kd4 Kd6 36. h5 g5 37. g4 c5+ 38. Kd3 Ke5 39. Ke3 f5 40. gxf5 Kxf5 41. Kf3 g4+ 0-1

[Event "LJ Slovak Open 2022"]
[Site "Liptovsky Jan"]
[Date "2022.06.24"]
[Round "2.25"]
[White "Elias, David"]
[Black "Saravanan Durga"]
[Result "1-0"]
[ECO "D11"]
[WhiteElo "1901"]
[BlackElo "1660"]
[Annotator "ChessBase"]
[PlyCount "87"]
[EventDate "2022.06.23"]
[EventType "swiss"]
[EventCountry "SVK"]
[SourceTitle "playchess.com"]
[Source "ChessBase"]
[SourceQuality "1"]
[TimeControl "3600+30"]

1. d4 Nf6 2. Nf3 d5 3. g3 Bf5 4. Bg2 e6 5. O-O Be7 6. c4 c6 7. Nc3 h6 8. b3 Ne4 9. Bb2 Nd7 10. Nd2 Nxd2 11. Qxd2 dxc4 12. e4 Bg6 13. bxc4 Ne5 14. Qe2 Qxd4 15. Nd5 Qxc4 16. Nc7+ Kf8 17. Rae1 Qxe2 18. Rxe2 Rd8 19. Bxe5 Bd6 20. Bxd6+ Rxd6 21. Rb2 Ke7 22. Rxb7 Rd7 23. Rfb1 Rhd8 24. Bf3 f5 25. e5 f4 26. R1b2 fxg3 27. hxg3 c5 28. Na6 c4 29. Nc5 Rxb7 30. Rxb7+ Ke8 31. Bc6+ Kf8 32. Nxe6+ Kg8 33. Nxd8 c3 34. Bd5+ Kh7 35. Ne6 c2 36. Nf8+ Kh8 37. Nxg6+ Kh7 38. Nf8+ Kh8 39. Rc7 c1=Q+ 40. Rxc1 a5 41. Rc8 a4 42. Ng6+ Kh7 43. Bf7 h5 44. Rh8# 1-0

[Event "LJ Slovak Open 2022"]
[Site "Liptovsky Jan"]
[Date "2022.06.24"]
[Round "2.26"]
[White "Kulich, Daniel"]
[Black "Korenova, Simona"]
[Result "1/2-1/2"]
[ECO "D14"]
[WhiteElo "1648"]
[BlackElo "1895"]
[Annotator "NA RC"]
[PlyCount "51"]
[EventDate "2022.06.23"]
[EventType "swiss"]
[EventCountry "SVK"]
[SourceTitle "playchess.com"]
[Source "ChessBase"]
[SourceQuality "1"]
[TimeControl "3600+30"]

1. d4 d5 2. c4 c6 3. cxd5 cxd5 4. Bf4 Nc6 5. e3 Bf5 6. Nc3 e6 7. Bd3 Bg6 8. Nf3 Nf6 9. h3 Bd6 10. Bxd6 Qxd6 11. O-O O-O 12. Bxg6 hxg6 13. Rc1 Rfe8 14. Qd3 Rad8 15. Rfd1 Rd7 16. a3 a6 17. Na4 Ne4 18. b4 b5 19. Nc5 Nxc5 20. Rxc5 Rc7 21. Rdc1 Rec8 22. Qc2 f6 23. Qxg6 Ne7 $18 24. Rxc7 Rxc7 25. Qe8+ Kh7 26. Qh5+ 1/2-1/2

[Event "LJ Slovak Open 2022"]
[Site "Liptovsky Jan"]
[Date "2022.06.24"]
[Round "2.27"]
[White "Gajdosik, Marian"]
[Black "Janouskova, Eliska"]
[Result "1-0"]
[ECO "B50"]
[WhiteElo "1902"]
[BlackElo "1167"]
[Annotator "ChessBase"]
[PlyCount "138"]
[EventDate "2022.06.23"]
[EventType "swiss"]
[EventCountry "SVK"]
[SourceTitle "playchess.com"]
[Source "ChessBase"]
[SourceQuality "1"]
[TimeControl "3600+30"]

1. e4 c5 2. Nf3 e6 3. c3 Nf6 4. d3 d6 5. Be2 Be7 6. Nbd2 Nc6 7. O-O a6 8. a4 b6 9. Re1 Bb7 10. Qc2 Rc8 11. Nf1 O-O 12. Ng3 Qd7 13. h3 Rfd8 14. Be3 h6 15. d4 cxd4 16. Nxd4 Ne5 17. Nf3 Nc4 18. Bxc4 Rxc4 19. Bxb6 Rdc8 20. a5 Qb5 21. Re2 Nd7 22. Bd4 R4c6 23. Qa4 Qxa4 24. Rxa4 Nc5 25. Rb4 R6c7 26. Bxc5 dxc5 27. Rb6 c4 28. b4 cxb3 29. Rxb3 Bc6 30. Reb2 Kh7 31. Nd4 Ba4 32. Rb7 Bf6 33. Rxc7 Rxc7 34. Rb4 Bxd4 35. cxd4 Bb5 36. Rb2 Rd7 37. Rd2 e5 38. d5 f6 39. f3 Kg8 40. Kf2 Kf7 41. Rc2 Ba4 42. Rc8 Bb5 43. Nf5 h5 44. Rh8 g6 45. Rh7+ Ke8 46. Rxd7 Kxd7 47. Nh4 g5 48. Nf5 Kd8 49. h4 Bd7 50. g4 hxg4 51. fxg4 gxh4 52. Kg2 Kc7 53. Kh3 Kd8 54. Kxh4 Ke8 55. Kh5 Kf7 56. Kh6 Ba4 57. g5 fxg5 58. Kxg5 Bc2 59. Ng3 Bd3 60. Kf5 Ke7 61. Kxe5 Kd7 62. Nf5 Kd8 63. Kd4 Bb5 64. e5 Kd7 65. e6+ Kd8 66. Ke5 Ba4 67. d6 Ke8 68. Kf6 Bb5 69. e7 Bd7 1-0

[Event "LJ Slovak Open 2022"]
[Site "Liptovsky Jan"]
[Date "2022.06.24"]
[Round "2.28"]
[White "Veres Alex"]
[Black "Rucek, Peter"]
[Result "0-1"]
[ECO "B56"]
[WhiteElo "1000"]
[BlackElo "1899"]
[Annotator "NA RC"]
[PlyCount "81"]
[EventDate "2022.06.23"]
[EventType "swiss"]
[EventCountry "SVK"]
[SourceTitle "playchess.com"]
[Source "ChessBase"]
[SourceQuality "1"]
[TimeControl "3600+30"]

1. e4 c5 2. Nf3 d6 3. d4 cxd4 4. Nxd4 Nf6 5. Nc3 Nc6 6. Nxc6 bxc6 7. Bc4 Bb7 8. Bf4 e6 9. O-O Be7 10. Bg5 O-O 11. Bxf6 Bxf6 12. Qf3 d5 13. exd5 cxd5 14. Bd3 Qc8 15. Qh3 g6 16. Nb5 Qc6 17. Qf3 e5 18. Be2 a6 19. Nc3 e4 20. Qg3 d4 21. Nd1 Qxc2 22. Bg4 Rad8 23. h3 Rfe8 24. f3 e3 25. Re1 Be5 26. Qh4 h5 27. Bxh5 gxh5 28. Qg5+ Qg6 29. Qxg6+ fxg6 30. g4 Bxf3 31. gxh5 gxh5 32. b3 Kh7 33. Kf1 e2+ 34. Rxe2 Bxe2+ 35. Kxe2 d3+ 36. Kd2 Bxa1 37. h4 Re2+ 38. Kc1 Rc8+ 39. Kb1 Re1 40. a4 Rc2 41. Kxa1 0-1

[Event "LJ Slovak Open 2022"]
[Site "Liptovsky Jan"]
[Date "2022.06.24"]
[Round "2.29"]
[White "Polacok, Jozef"]
[Black "Chlpek, Daniel"]
[Result "0-1"]
[ECO "B22"]
[WhiteElo "1386"]
[BlackElo "2030"]
[Annotator "RC"]
[PlyCount "44"]
[EventDate "2022.06.23"]
[EventType "swiss"]
[EventCountry "SVK"]
[SourceTitle "playchess.com"]
[Source "ChessBase"]
[SourceQuality "1"]
[TimeControl "3600+30"]

1. e4 c5 2. c3 Nf6 3. e5 Nd5 4. Nf3 Nc6 5. d4 cxd4 6. cxd4 d6 7. Bc4 e6 8. O-O Be7 9. Bxd5 exd5 10. Nc3 Be6 11. Be3 O-O 12. a3 Rc8 13. Rc1 a6 14. b4 Re8 15. Ne1 dxe5 16. Nf3 Bg4 17. h3 Bxf3 18. Qxf3 exd4 19. Nxd5 dxe3 20. Nxe7+ Qxe7 21. fxe3 Qxe3+ 22. Kh1 Qxf3 0-1

[Event "LJ Slovak Open 2022"]
[Site "Liptovsky Jan"]
[Date "2022.06.24"]
[Round "2.30"]
[White "Mrkvik, Jan"]
[Black "Ziaran, Viliam"]
[Result "0-1"]
[ECO "D02"]
[WhiteElo "1810"]
[BlackElo "1832"]
[Annotator "NA RC"]
[PlyCount "96"]
[EventDate "2022.06.23"]
[EventType "swiss"]
[EventCountry "SVK"]
[SourceTitle "playchess.com"]
[Source "ChessBase"]
[SourceQuality "1"]
[TimeControl "3600+30"]

1. d4 d5 2. Bf4 Nf6 3. e3 c6 4. Nf3 e6 5. Bd3 Bd6 6. Bg3 O-O 7. Nbd2 Qc7 8. Ne5 Nbd7 9. f4 h6 10. c3 b6 11. O-O c5 12. Rc1 Bb7 13. Bh4 Ne4 14. Ndf3 a6 15. Qc2 Rac8 16. g4 f5 17. g5 c4 18. Be2 Bxe5 19. fxe5 Kh7 20. Bd1 Rfe8 21. Qg2 Nf8 22. Be1 Qe7 23. h4 $1 g6 (23... h5 $14) 24. gxh6 Kxh6 25. Bc2 (25. Kh1 $16) 25... Nh7 26. Bxe4 ({White should try} 26. Kh1 $14) 26... dxe4 27. Nd2 g5 {[%emt 0:02:41] [#]} (27... Kg7 $11) 28. Bg3 (28. hxg5+ $1 $16 Kg7 29. g6) 28... g4 29. Bf4+ Kh5 30. Rf2 Qxh4 31. Nxc4 Rc6 32. Nd6 Re7 33. Qf1 Ng5 34. Bxg5 Qxg5 35. Rh2+ Kg6 36. Re1 b5 37. Ree2 $2 ({White has to play} 37. Rh8 $18) 37... Rcc7 $1 38. Qf2 Bd5 39. Qg3 Bxa2 40. Rh8 Rh7 41. Rg8+ (41. Rh2 $17 Rxh2 42. Rxh2) 41... Rcg7 42. Rxg7+ Kxg7 ({Not} 42... Rxg7 43. Rh2 $15) 43. Ne8+ $2 (43. Rh2) 43... Kf8 44. Nf6 Rh3 45. Qf4 Qh4 46. Nd7+ Ke7 47. Nf6 Bc4 48. Rg2 Rh1# 0-1

[Event "LJ Slovak Open 2022"]
[Site "Liptovsky Jan"]
[Date "2022.06.24"]
[Round "2.31"]
[White "Freibergs, Andrejs"]
[Black "Freibergs, Filips"]
[Result "1-0"]
[ECO "C66"]
[WhiteElo "1526"]
[BlackElo "1250"]
[Annotator "NA RC"]
[PlyCount "61"]
[EventDate "2022.06.23"]
[EventType "swiss"]
[EventCountry "SVK"]
[SourceTitle "playchess.com"]
[Source "ChessBase"]
[SourceQuality "1"]
[TimeControl "3600+30"]

1. e4 e5 2. Nf3 Nc6 3. Bb5 d6 4. O-O Nf6 5. Re1 Be7 6. c3 O-O 7. d4 exd4 8. cxd4 Bg4 9. Bxc6 bxc6 10. Nc3 Re8 11. h3 Bh5 12. Bf4 Nd7 13. Qd3 Bf6 14. Rad1 c5 15. g4 Bg6 16. d5 Rb8 17. g5 Ne5 18. Bxe5 Bxe5 19. Nxe5 Qxg5+ 20. Ng4 h5 21. Qd2 Qxd2 22. Rxd2 hxg4 23. hxg4 f5 24. gxf5 Bxf5 25. Re3 Bg6 26. b3 Rb4 27. Rde2 c4 28. bxc4 Kf7 29. Kg2 Reb8 30. Kg3 Bh5 31. Kf4 1-0

[Event "LJ Slovak Open 2022"]
[Site "Liptovsky Jan"]
[Date "2022.06.24"]
[Round "2.32"]
[White "Muller, Martin"]
[Black "Mirowska, Oliwia"]
[Result "0-1"]
[ECO "A80"]
[WhiteElo "1476"]
[BlackElo "1746"]
[Annotator "NA RC"]
[PlyCount "58"]
[EventDate "2022.06.23"]
[EventType "swiss"]
[EventCountry "SVK"]
[SourceTitle "playchess.com"]
[Source "ChessBase"]
[SourceQuality "1"]
[TimeControl "3600+30"]

1. Nf3 d6 2. d4 f5 3. Bf4 Nf6 4. Nbd2 g6 5. e3 Bg7 6. Bd3 O-O 7. c3 Kh8 8. h4 Nc6 9. Bg5 Qe8 10. Bxf6 Bxf6 11. Qc2 e5 12. e4 exd4 13. O-O-O dxc3 14. bxc3 Ne5 15. Rde1 Nxd3+ 16. Qxd3 Qa4 17. h5 fxe4 18. Nxe4 Bf5 19. Nd4 d5 20. Nxf5 dxe4 21. Rxe4 Qa3+ 22. Kb1 gxf5 23. Rc4 Qa6 24. Rh3 Rad8 25. Qe2 Rfe8 26. Re3 Rxe3 27. fxe3 Bxc3 28. a4 Rd2 29. Qf1 Qb6+ 0-1